AoeStats
← Kiritastrich

Arabia

509106720Analyzed
1v1 RM · 5d ago on Sep 25, 2026· 56m 18s· 2 players
Game mode
Random Map
Map size
Tiny (2 player)
Population
200
Speed
Normal
Resources
Standard
Victory
Conquest
Starting age
Dark Age
Ending age
Imperial Age
RankedLock teamsTeams togetherTeam positionsShared explorationLock speedFull tech treeHidden civsTurbo modeCheats
Victory
Defeat
🇷🇺 Danes · Russia
1840
+13
🇹🇼 Mongols · Taiwan
1781
-13
凱文
7:41 Loom
10:04 Feudal Age
10:12 Man-at-Arms
10:38 Double-Bit Axe
22:08 Fletching
22:41 Padded Archer Armor
23:59 Wheelbarrow
28:09 Castle Age
26:25 Gold Mining
26:49 Stone Mining
28:04 Horse Collar
28:20 Crossbowman
29:00 Bodkin Arrow
29:48 Bow Saw
29:57 Heavy Plow
32:32 Leather Archer Armor
32:18 Husbandry
32:29 Bloodlines
35:18 Thumb Ring
37:42 Ballistics
38:38 Gold Shaft Mining
38:45 Elite Skirmisher
40:51 Hand Cart
47:16 Imperial Age
48:07 Bracer
50:07 Chemistry
54:09 Conscription
53:54 Capped Ram
55:12 Scale Barding Armor
55:18 Forging
54:29 Light Cavalry
Kiritastrich
2:14 Loom
2:40 Loom
7:39 Loom
10:25 Feudal Age
10:31 Man-at-Arms
16:19 Double-Bit Axe
16:54 Fletching
21:41 Wheelbarrow
24:56 Castle Age
23:35 Arson
23:59 Scale Mail Armor
24:05 Horse Collar
25:57 Chain Mail Armor
25:16 Crossbowman
26:34 Bow Saw
26:21 Gambesons
27:46 Squires
28:32 Bodkin Arrow
30:56 Thumb Ring
32:06 Ballistics
32:29 Gold Mining
37:49 Imperial Age
38:54 Bracer
40:07 Chemistry
40:50 Forging
41:24 Elite Skirmisher
43:18 Padded Archer Armor
45:37 Leather Archer Armor
48:01 Plate Mail Armor
49:48 Northmen's Fury
52:42 Iron Casting
56:24 Ring Archer Armor
Connection lost

Rejoining the realm…

Still unreachable

The connection could not be restored.

Session expired

The server has moved on; the page needs a fresh start.